Map: Neon Violet Square LE

Players

Garbage - Winner!

  • Race: Zerg Zerg
  • League: Diamond
  • Spawn Location: 5:00

lIlIlIlIlIlI

  • Race: Protoss Protoss
  • League: Master
  • Spawn Location: 11:00

VOD

Have the link to the VOD?

Description

Time

  • Played on: Dec. 31, 2017, 9:36 p.m.
  • Length: 9:39
Show
View Real Time Build Order
Export as new Build Order

Garbage Zerg - Winner!

Build Orders: Hatch First 

Get SALT Encoding   

  12  0:01  Drone  
  13  0:13  Overlord  
  13  0:18  Drone  
  14  0:31  Drone x2  
  16  0:35  Drone  
  17  0:53  Hatchery  
  17  0:56  Drone  
  17  1:00  Drone  
  18  1:10  Extractor  
  17  1:16  Spawning Pool  
  16  1:21  Drone x2  
  18  1:29  Drone  
  19  1:41  Drone  
  20  1:54  Overlord  
  20  2:06  Queen  
  20  2:07  Zergling x4  
  24  2:09  Queen  
  24  2:14  Drone  
  27  2:20  Metabolic Boost  
  27  2:24  Drone x2  
  27  2:28  Drone  
  30  2:43  Hatchery  
  29  2:48  Overlord  
  29  2:57  Drone  
  29  2:58  Drone x3  
  33  3:03  Overlord  
  33  3:10  Queen  
  35  3:13  Drone  
  35  3:15  Drone  
  35  3:17  Drone  
  38  3:20  Drone  
  38  3:23  Drone  
  40  3:31  Drone x3  
  40  3:32  Drone  
  43  3:35  Drone  
  43  3:36  Drone  
  45  3:54  Drone x6  
  45  3:55  Drone x2  
  53  3:59  Overlord x2  
  53  4:09  Drone  
  54  4:10  Drone x2  
  54  4:13  Extractor  
  54  4:14  Lair  
  55  4:17  Extractor  
  55  4:18  Drone x2  
  55  4:22  Spore Crawler  
  55  4:25  Spore Crawler  
  55  4:29  Spore Crawler  
  53  4:33  Overlord x2  
  53  4:34  Overlord  
  53  4:36  Drone x3  
  53  4:37  Drone  
  57  4:41  Extractor  
  57  4:44  Drone  
  57  4:48  Overlord x2  
  57  4:52  Drone x3  
  60  4:55  Drone x3  
  60  4:59  Drone  
  65  5:00  Drone  
  65  5:11  Drone x6  
  65  5:12  Overlord x2  
  71  5:18  Hydralisk Den, Drone  
  71  5:30  Overlord x2  
  71  5:37  Zergling x10  
  71  5:38  Zergling x6  
  79  5:48  Hydralisk x6  
  91  5:56  Hydralisk  
  91  5:57  Hydralisk x2  
  91  6:03  Hydralisk x2  
  95  6:06  Hydralisk x4  
  105  6:17  Hydralisk x2  
  104  6:21  Hydralisk  
  104  6:22  Hydralisk x2  
  99  6:26  Zergling x2  
  99  6:27  Zergling x6  
  96  6:33  Hydralisk x2  
  95  6:50  Zergling x2  
  95  6:51  Zergling x4, Overlord  
  95  6:52  Overlord x3  
  98  6:56  Muscular Augments  
  98  6:57  Hatchery  
  98  6:59  Zergling x2  
  98  7:14  Evolution Chamber  
  97  7:17  Zergling x2  
  97  7:18  Zergling x12  
  102  7:27  Zergling x2  
  102  7:29  Hydralisk x5  
  100  7:30  Hydralisk x4  
  100  7:34  Hydralisk  
  115  7:47  Hydralisk x2  
  115  7:48  Hydralisk  
  109  7:54  Hydralisk  
  109  7:58  Hydralisk  
  101  8:02  Overlord x3  
  98  8:12  Drone x5  
  102  8:19  Zergling x2  
  102  8:20  Zergling x4  
  102  8:24  Hatchery, Extractor, Drone x2  
  102  8:25  Queen, Extractor  
  102  8:26  Overlord  
  104  8:31  Hydralisk x2  
  108  8:35  Hydralisk x5  
  108  8:37  Zergling x8  
  122  8:53  Zergling x12  
  122  8:54  Zergling x2  
  121  8:58  Zergling x2  
  121  9:01  Zergling x2  
  117  9:09  Zergling x10  
  118  9:15  Zergling x4  
Show
View Real Time Build Order
Export as new Build Order

lIlIlIlIlIlI Protoss 

Build Orders: 1 Gate Expand 

Get SALT Encoding   

  12  0:00  Probe  
  13  0:13  Probe  
  14  0:22  Pylon  
  14  0:26  Probe  
  15  0:40  Probe (Chrono Boost)  
  15  0:41  Gateway  
  16  0:47  Assimilator  
  16  0:52  Probe (Chrono Boost)  
  17  0:59  Probe (Chrono Boost)  
  18  1:08  Probe  
  19  1:28  Nexus  
  19  1:36  Cybernetics Core  
  19  1:40  Probe (Chrono Boost)  
  19  1:45  Assimilator  
  21  1:54  Probe (Chrono Boost)  
  21  1:56  Pylon  
  21  2:04  Probe (Chrono Boost)  
  22  2:15  Adept  
  25  2:16  Probe (Chrono Boost)  
  25  2:22  Probe (Chrono Boost)  
  26  2:30  Stargate  
  26  2:34  Probe  
  27  2:40  Probe  
  27  2:41  Adept (Chrono Boost)  
  27  2:42  Warp Gate  
  30  2:48  Probe  
  31  2:52  Probe  
  32  3:03  Probe  
  32  3:05  Adept  
  35  3:11  Void Ray (Chrono Boost)  
  35  3:18  Probe  
  35  3:19  Probe  
  41  3:30  Probe  
  41  3:31  Probe  
  43  3:40  Adept  
  45  3:42  Probe  
  45  3:45  Twilight Council  
  46  3:59  Gateway  
  46  4:00  Gateway  
  46  4:07  Pylon  
  46  4:09  Resonating Glaives (Chrono Boost)  
  46  4:25  Adept, Probe x2  
  46  4:26  Assimilator  
  50  4:37  Probe (Chrono Boost)  
  50  4:38  Nexus  
  51  4:44  Probe (Chrono Boost)  
  52  4:49  Probe (Chrono Boost)  
  52  4:52  Pylon  
  53  5:02  Probe  
  53  5:05  Pylon  
  54  5:10  Oracle  
  54  5:11  Adept x2  
  61  5:16  Probe  
  61  5:19  Assimilator  
  62  5:23  Probe  
  62  5:27  Adept  
  64  5:32  Adept, Pylon  
  64  5:33  Adept  
  68  5:41  Probe (Chrono Boost)  
  70  5:45  Probe (Chrono Boost)  
  70  5:49  Templar Archives  
  70  5:52  Probe (Chrono Boost)  
  70  5:53  Forge  
  70  5:56  Probe (Chrono Boost)  
  62  6:38  Psionic Storm  
  58  6:41  Zealot, Protoss Ground Weapons Level 1 (Chrono Boost)  
  58  6:42  Zealot x2, Probe  
  58  6:46  Phoenix  
  63  6:47  Gateway  
  63  6:48  Gateway  
  63  6:50  Gateway, Robotics Facility, Probe  
  63  6:52  Robotics Facility, Pylon  
  64  6:56  Probe  
  64  7:00  Probe (Chrono Boost)  
  66  7:02  Probe (Chrono Boost)  
  66  7:03  Sentry x3  
  74  7:08  Probe (Chrono Boost)  
  74  7:12  Probe (Chrono Boost)  
  74  7:14  Probe (Chrono Boost)  
  76  7:16  Void Ray  
  76  7:18  Probe (Chrono Boost)  
  76  7:19  Probe (Chrono Boost)  
  76  7:20  Probe (Chrono Boost)  
  83  7:23  Shield Battery  
  83  7:25  Shield Battery  
  83  7:26  Adept x3  
  82  7:45  Adept  
  82  7:49  Adept x2  
  82  7:50  Adept  
  79  8:04  Probe x2  
  81  8:06  Gateway  
  81  8:08  Gateway  
  81  8:10  Gateway  
  81  8:11  Adept x3  
  81  8:12  Adept  
  89  8:13  Gateway  
  89  8:14  Pylon  
  89  8:15  Probe  
  89  8:16  Probe  
  89  8:17  Pylon  
  89  8:18  Pylon  
  91  8:20  Assimilator  
  91  8:21  Assimilator  
  91  8:22  Probe  
  91  8:23  Observer  
  91  8:24  Warp Prism  
  95  8:27  Probe  
  95  8:28  Probe  
  97  8:34  High Templar x3  
  97  8:35  High Templar  
  97  8:36  Probe  
  97  8:39  Probe  
  97  8:40  Probe, Pylon  
  108  8:45  Archon  
  108  8:46  Archon  
  83  9:09  Adept  
  69  9:10  Adept x3  
  69  9:15  Probe x3  
  65  9:18  Adept x2  
  65  9:19  Adept x2  
  63  9:27  Probe (Chrono Boost)  
  63  9:28  Probe x2 (Chrono Boost)  
Tags
 
Add a new tag
Caveats
  • Supply blocks, unpowered buildings, or Contaminate may cause inaccurate times.
  • Supply counts are checked every 10 seconds.